 Dungeon Crawl Stone Soup version 0.29-a0-352-g0917bc69df (webtiles) character file.

Game seed: 12163904055555450508

23 sokol815 the Chopper (level 2, -1/15 HPs)
             Began as a Vine Stalker Gladiator on Apr 24, 2022.
             Slain by a gnoll
             ... wielding a +0 flail of protection
              (2 damage)
             ... on level 1 of the Dungeon.
             The game lasted 00:00:57 (647 turns).

sokol815 the Chopper (Vine Stalker Gladiator)        Turns: 647, Time: 00:00:58

Health: -1/15      AC:  6    Str: 16    XL:     2   Next: 95%
Magic:  0/3        EV: 11    Int:  8    God:
Gold:   91         SH:  0    Dex: 15    Spells: 1/1 levels left

rFire   . . .      SeeInvis .   a - +0 war axe
rCold   . . .      Faith    .   (no shield)
rNeg    . . .      Spirit   +   g - +0 ring mail
rPois   .          Reflect  .   c - +0 helmet
rElec   .          Harm     .   (no cloak)
rCorr   .          Rampage  .   (no gloves)
Will    .....                   (no boots)
Stlth   +.........              (no amulet)
HPRegen 0.05/turn               (no ring)
MPRegen 0.08/turn               (no ring)

@: no status effects
A: fangs 2, magic shield, antimagic bite, no potion heal 2
a: no special abilities


You were on level 1 of the Dungeon.
You visited 1 branch of the dungeon, and saw 1 of its levels.

You collected 91 gold pieces.

Inventory:

Hand Weapons
 a - a +0 war axe (weapon)
Missiles
 d - 3 throwing nets {!d}
 e - a javelin
 s - 40 stones
Armour
 b - a +0 leather armour
 c - a +0 helmet (worn)
 g - a +0 ring mail (worn)
   (You found it on level 1 of the Dungeon)
Scrolls
 h - a scroll of identify {unknown}
Potions
 f - a potion of mutation {unknown}
 i - a potion of curing {unknown}


   Skills:
 - Level 1.7 Fighting
 + Level 3.7 Axes
 - Level 1.7 Throwing
 - Level 2.4 Dodging


You had one spell level left.
You didn't know any spells.
Your spell library was empty.

Dungeon Overview and Level Annotations

Branches:
Dungeon (1/15)

Altars:

Shops:
D:1 !


Innate Abilities, Weirdness & Mutations

You have extremely sharp teeth.
When hurt, damage is shared between your health and your magic reserves.
Your bite disrupts and absorbs the magic of your enemies.
Potions cannot restore your health.


Message History

g - a +0 ring mail You start removing your armour.
You continue taking off your +0 leather armour. x4
You finish taking off your +0 leather armour.
You start putting on your armour.
You continue putting on your +0 ring mail. x5
You finish putting on your +0 ring mail.
A goblin comes into view. It is wielding a +0 dagger.
The goblin shouts!
Health restored: 15 The goblin barely misses you.
You hit the goblin. The goblin hits you but does no damage.
You barely miss the goblin. The goblin hits you but does no damage.
You closely miss the goblin. You bite the goblin.
You kill the goblin!
No target in view!
Things that are here:
a +0 dagger; a goblin corpse A hobgoblin comes into view.
The hobgoblin shouts! 2 frilled lizards come into view.
The frilled lizard hisses angrily. x2
A hobgoblin comes into view.
The hobgoblin shouts!
The hobgoblin barely misses you.
You completely miss the hobgoblin. The hobgoblin closely misses you.
You slash the hobgoblin!
You kill the hobgoblin!
You hit the frilled lizard.
You kill the frilled lizard!
You hit the frilled lizard but do no damage.
You bite the frilled lizard.
You kill the frilled lizard!
You hit the hobgoblin. The hobgoblin closely misses you.
The hobgoblin hits you but does no damage.
You hit the hobgoblin.
You kill the hobgoblin!
No target in view!
No target in view!
h - a scroll labelled JUWU MUIRIEFENK You open the door.
There is an open door here.
Found Kutet's Distillery.
No target in view!
No target in view!
No target in view!
s - 40 stones (gained 9)
You now have 36 gold pieces (gained 12).
You now have 43 gold pieces (gained 7).
A rat comes into view.
You see here 3 gold pieces.
The rat bites you.
You now have 2/3 mp.
You slash the rat!
You kill the rat!
No target in view!
No target in view!
You now have 46 gold pieces (gained 3).
You now have 49 gold pieces (gained 3).
There is an entrance to Kutet's Distillery here.
MP restored: 3 You now have 53 gold pieces (gained 4).
You now have 62 gold pieces (gained 9).
You now have 71 gold pieces (gained 9).
You now have 80 gold pieces (gained 9).
There is an entrance to Kutet's Distillery here.
You see here a +0 robe.
You now have 91 gold pieces (gained 11).
i - a purple potion A gnoll comes into view.
It is wielding a +0 flail of protection.
The gnoll shouts!
The gnoll hits you with a +0 flail of protection.
You take 2 damage, and have 13/15 hp.
You barely miss the gnoll. You bite the gnoll, but do no damage.
The gnoll hits you with a +0 flail of protection. x2
You take 8 damage, and have 5/15 hp.
MASSIVE DAMAGE!!
You now have 1/3 mp.
You hit the gnoll. The gnoll closely misses you.
You hit the gnoll but do no damage. Your bite misses the gnoll.
The gnoll closely misses you.
You closely miss the gnoll. You bite the gnoll, but do no damage.
The gnoll completely misses you. The gnoll barely misses you.
You hit the gnoll but do no damage. You bite the gnoll, but do no damage.
The gnoll hits you with a +0 flail of protection.
* * * LOW HITPOINT WARNING * * *
You take 3 damage, and have 2/15 hp.
You now have 0/3 mp.
Unknown command.
You closely miss the gnoll. You bite the gnoll, but do no damage.
The gnoll barely misses you.
You closely miss the gnoll. Your bite misses the gnoll.
The gnoll barely misses you.
The gnoll hits you with a +0 flail of protection.
* * * LOW HITPOINT WARNING * * *
You take 1 damage, and have 1/15 hp.
You slash the gnoll! The gnoll completely misses you.
You closely miss the gnoll. You bite the gnoll. You drain its power.
You feel invigorated.
The gnoll hits you with a +0 flail of protection.
You die...

#.# #.# #.# #.########
#.# #####......... #.#
#...#.########
####.###...#.#
.............#
.............#
.............###########
................@g......
........................
....††..##############..
#...........
#......#####
#..........#
######.###.#
#..........#
#.####.#####


You could see a gnoll.

Vanquished Creatures
  A ball python (D:1)
  4 endoplasms (D:1)
  A giant cockroach (D:1)
  2 goblins (D:1)
  3 hobgoblins (D:1)
  A kobold (D:1)
  A quokka (D:1)
  3 bats (D:1)
  2 frilled lizards (D:1)
  A rat (D:1)
19 creatures vanquished.

Notes
Turn   | Place    | Note
-------+----------+-------------------------------------------
     0 | D:1      | sokol815 the Vine Stalker Gladiator began the quest for the
                  | Orb.
     0 | D:1      | Reached XP level 1. HP: 11/11 MP: 2/2
   249 | D:1      | Reached skill level 3 in Axes
   377 | D:1      | Reached XP level 2. HP: 15/15 MP: 3/3
   537 | D:1      | Found Kutet's Distillery.
   643 | D:1      | HP: 2/15 [gnoll/+0 flail of protection (3)]
   647 | D:1      | Slain by a gnoll

Illustrated notes

Levels and vault maps discovered:
D:1:      minmay_arrival_split_and_join, layout_basic, serial_shops, shop_coins,
          ebering_ecumenical_altar_webs

Skill      XL: |  1 |
---------------+----+-----
Axes           | 3 |  3.7
Fighting       | |  1.7
Throwing       | |  1.7
Dodging        | |  2.4

Action                   || total
-------------------------++-------
Melee: War axe           ||    41
       Bite              ||    14
Throw: Javelin           ||     1
Armor: Leather armour    ||     9
       Ring mail         ||     3
Dodge: Dodged            ||    29

Table legend: (Time is in decaauts)
 A = Elapsed time spent in this place.
 B = Non-inter-level travel time spent in this place.
 C = Inter-level travel time spent in this place.
 D = Time resting spent in this place.
 E = Time spent auto-exploring this place.
 F = Levels seen in this place.
 G = Mean time per level.
                   A        B        C        D        E       F      G
               +--------+--------+--------+--------+--------+-----+--------+
         Total |    660 |    660 |      0 |      0 |    528 |   1 |  660.0 |
       Dungeon |    660 |    660 |      0 |      0 |    528 |   1 |  660.0 |
               +--------+--------+--------+--------+--------+-----+--------+

Top non-repeatable levels by time:
     D:1: 660 daAuts

Table legend:
 A = Kills in this place as a percentage of kills in entire the game.
 B = Kills by you in this place as a percentage of kills by you in the entire game.
 C = Kills by friends in this place as a percentage of kills by friends in the entire game.
 D = Other kills in this place as a percentage of other kills in the entire game.
 E = Experience gained in this place as a percentage of experience gained in the entire game.
 F = Experience gained in this place divided by the number of levels of this place that you have seen.
                   A       B       C       D       E      F
               +-------+-------+-------+-------+-------+----------------------
         Total | 100.0 | 100.0 |   N/A |   N/A | 100.0 |  33.0
       Dungeon | 100.0 | 100.0 |   N/A |   N/A | 100.0 |  33.0
               +-------+-------+-------+-------+-------+----------------------
